 Dungeon Crawl Stone Soup version 0.24.1 (webtiles) character file.

Game seed: 13128262584232725464, levelgen mode: deterministic

4 funkygono the Digger (level 1, 0/10 HPs)
             Began as a Gargoyle Earth Elementalist on Mar 24, 2020.
             Slain by a kobold (2 damage)
             ... on level 1 of the Dungeon.
             The game lasted 00:00:34 (78 turns).

funkygono the Digger (Gargoyle Earth Elementalist)    Turns: 78, Time: 00:00:35

Health: 0/10       AC:  4    Str: 11    XL:     1   Next: 70%
Magic:  0/3        EV: 12    Int: 15    God:
Gold:   0          SH:  0    Dex: 10    Spells: 3/4 levels left

rFire    . . .     SeeInvis .   a - +0 whip
rCold    . . .     Gourm    .   (no shield)
rNeg     + . .     Faith    .   c - +0 robe
rPois    ∞         Spirit   .   (no helmet)
rElec    +         Reflect  .   (no cloak)
rCorr    .         Harm     .   (no gloves)
MR       .....                  (no boots)
Stlth    ++........             (no amulet)
HPRegen  0.03/turn              (no ring)
MPRegen  0.08/turn              (no ring)

@: very slightly contaminated
A: negative energy resistance 1, electricity resistance, unbreathing,
petrification resistance, rot immunity, AC +2
a: no special abilities


You were on level 1 of the Dungeon.
You were not hungry.

You visited 1 branch of the dungeon, and saw 1 of its levels.

Inventory:

Hand Weapons
 a - a +0 whip (weapon)
Missiles
 b - 46 stones (quivered)
Armour
 c - a +0 robe (worn)
Scrolls
 e - a scroll of teleportation {unknown}
Comestibles
 d - a ration
 f - 3 chunks of flesh


   Skills:
 + Level 1.6 Dodging
 + Level 2.2 Stealth
 + Level 2.0 Spellcasting
   Level 0.7 Transmutations
 + Level 4.0 Earth Magic


You had 3 spell levels left.
You knew the following spells:

 Your Spells              Type           Power        Failure   Level  Hunger
a - Sandblast             Erth           ##....       4%          1    #......

Your spell library contained the following spells:

 Spells                   Type           Power        Failure   Level  Hunger
 Passwall                 Tmut/Erth      #.......     13%         2    ###....
 Stone Arrow              Conj/Erth      #.....       28%         3    ###....
 Petrify                  Tmut/Erth      #.......     63%         4    #####..
 Lee's Rapid Deconstruct  Erth           ##........   75%         5    ######.


Dungeon Overview and Level Annotations

Branches:
Dungeon (1/15)

Altars:


Innate Abilities, Weirdness & Mutations

You are resistant to torment.
Your stone body is resilient. (AC +2)
You are immune to poison.
You resist negative energy. (rN+)
You are resistant to electric shocks. (rElec)
You can survive without breathing.
You are immune to petrification.
You are immune to rotting.


Message History

The hobgoblin barely misses you.
You closely miss the hobgoblin.
The hobgoblin is almost dead.
The hobgoblin barely misses you.
You closely miss the hobgoblin.
The hobgoblin is almost dead.
The hobgoblin barely misses you.
You hit the hobgoblin.
You kill the hobgoblin!
Your Earth Magic skill increases to level 4!
Casting: Sandblast (safe; 4% risk of failure)
Confirm with . or Enter, or press ? or * to list all spells.
Aiming: Sandblast (safe; 4% risk of failure)
Press: ? - help, Shift-Dir - straight line, f - kobold
Aim: a kobold You miscast Sandblast.
You are very lightly contaminated with residual magic.
You feel earthy. The kobold barely misses you.
You barely miss the kobold. The kobold hits you.
You die...

.. .# K# ... .. .. .# .. ..#
##># #..## . #. .# K.. .
.##.....# #.# .# #.#
#.#.#..##.# ..# .# #.#
.#...##..# .(. ###
.#####.### ....##..##.. #..
.........####.##..##..# #.#
###...........##@.##..####.#
#.#.........KK##.<##....##
#.#.###.####..##..##..##÷#
......# #...
###..##..#####.# ###...#
#.#.# #..##..### #.# ##...
....##..##..##..# ## #.##
#.# ##.. #..##..# #. #.# #.#
##..#### #. ... #. #..#


You could see 2 kobolds.

Vanquished Creatures
  2 goblins (D:1)
  A hobgoblin (D:1)
  A bat (D:1)
4 creatures vanquished.

Notes
Turn   | Place    | Note
-------+----------+-------------------------------------------
     0 | D:1      | funkygono the Gargoyle Earth Elementalist began the quest
                  | for the Orb.
     0 | D:1      | Reached XP level 1. HP: 10/10 MP: 3/3
    76 | D:1      | Reached skill level 4 in Earth Magic
    78 | D:1      | Slain by a kobold

Levels and vault maps discovered:
D:1:      lightli_iron_boxes, layout_loops_ring

Skill      XL: |  1 |
---------------+----+-----
Earth Magic    | 4 |  4.0
Dodging        | |  1.6
Stealth        | |  2.2
Spellcasting   | |  2.0
Transmutations | |  0.7

Action                   || total
-------------------------++-------
Melee: Whip              ||     8
 Cast: Sandblast         ||     6
Armor: Robe              ||     1
Dodge: Dodged            ||     7
